 Dungeon Crawl Stone Soup version 0.17.1-3-g152610e (webtiles) character file.

622 Alarkh the Poker (level 7, -1/50 HPs)
             Began as a Mummy Skald on Apr 25, 2016.
             Was an Initiate of Gozag.
             Killed from afar by Sigmund (4 damage)
             ... with a puff of flame
             ... on level 3 of the Dungeon.
             The game lasted 00:06:39 (5025 turns).

Alarkh the Poker (Mummy Skald)                      Turns: 5025, Time: 00:06:39

Health: -1/50      AC: 10    Str: 16    XL:     7   Next: 22%
Magic:  3/10       EV: 11    Int: 13    God:    Gozag
Gold:   367        SH:  0    Dex: 11    Spells: 4 memorised, 2 levels left

rFire  x . .     SeeInvis .     a - +0 spear
rCold  + . .     Clarity  .     b - +0 leather armour
rNeg   + + +     SustAt   .     (no shield)
rPois  ∞         Gourm    .     (no helmet)
rElec  .         Spirit   .     (no cloak)
rCorr  .         Warding  .     (no gloves)
rMut   +         Stasis   .     f - +1 pair of boots {Stlth+}
MR     .....                    m - amulet of resist mutation
Stlth  +.........               d - ring of loudness (curse)
                                h - +5 ring of protection

@: very slightly contaminated, not resistant to hostile enchantments, very
unstealthy
A: no food or potions, fire vulnerability, cold resistance 1, negative energy
resistance 3, torment resistance, unbreathing
a: Potion Petition, Call Merchant, Bribe Branch, Renounce Religion


You were on level 3 of the Dungeon.
You worshipped Gozag.
Gozag was noncommittal.
You were not hungry.

You visited 2 branches of the dungeon, and saw 6 of its levels.

You collected 470 gold pieces.
You paid 103 gold pieces to Gozag.

Inventory:

Hand Weapons
 a - a +0 spear (weapon)
Armour
 b - a +0 leather armour (worn)
 f - a +1 pair of boots of stealth (worn)
Magical Staves
 n - an uncursed staff of earth
Jewellery
 d - a cursed ring of loudness (right hand)
 h - a +5 ring of protection (left hand)
 l - an uncursed amulet of faith
 m - an amulet of resist mutation (around neck)
 o - an uncursed amulet of resist corrosion
Scrolls
 e - 5 scrolls of remove curse
 g - a scroll of random uselessness
 i - 3 scrolls of enchant weapon
 j - a scroll of amnesia {unknown}
 k - a scroll of teleportation
Books
 c - a book of Battle

   Spells                             Type                      Level
   a - Infusion                       Charms                       1
   b - Shroud of Golubria             Charms/Translocation         2
   c - Song of Slaying                Charms                       2
   d - Spectral Weapon                Hexes/Charms                 3
   e - Regeneration                   Charms/Necromancy            3
 p - a book of the Warp

   Spells                             Type                      Level
   a - Recall                         Summoning/Translocation      3
   b - Gell's Gravitas                Hexes/Translocation          3
   c - Force Lance                    Conjuration/Translocation    4
   d - Phase Shift                    Translocation                5
   e - Warp Weapon                    Charms/Translocation         5
   f - Summon Forest                  Summoning/Translocation      5


   Skills:
 - Level 2.0 Fighting
 + Level 6.7 Polearms
 - Level 0.7 Armour
 - Level 0.7 Dodging
 - Level 2.0 Spellcasting
 - Level 2.4 Charms


You had 2 spell levels left.
You knew the following spells:

 Your Spells              Type           Power        Failure   Level  Hunger
a - Infusion              Chrm           #.....       14%         1    N/A
b - Song of Slaying       Chrm           #.......     21%         2    N/A
c - Spectral Weapon       Hex/Chrm       #.......     65%         3    N/A
e - Shroud of Golubria    Chrm/Tloc      #.........   30%         2    N/A

Dungeon Overview and Level Annotations

Branches:
Dungeon (5/15)             Temple (1/1) D:5

Altars:
Ashenzari
Cheibriados
Dithmenos
Elyvilon
Fedhas
Gozag
Kikubaaqudgha
Makhleb
Nemelex Xobeh
Okawaru
Sif Muna
Trog
Vehumet
Xom
Yredelemnul
Zin

Shops:
D:5 (

Annotations:
D:3 Alarkh's ghost, weakling DsMo; Sigmund


Innate Abilities, Weirdness & Mutations

You do not eat or drink.
Your flesh is vulnerable to fire.
You are immune to poison.
Your flesh is cold resistant.
You are immune to negative energy.
You are immune to unholy pain and torment.
You can survive without breathing.


Message History

Sigmund is severely wounded.
The kobold completely misses you.
Attack whom?
Press: ? - help, Dir - move target cursor, f/p - Sigmund
Aim: Sigmund, wielding a scythe and wearing a robe (severely wounded, unusually strong)
You closely miss Sigmund.
Sigmund is severely wounded.
You are no longer magically infusing your attacks.
Sigmund hits you with a scythe!
* * * LOW HITPOINT WARNING * * *
Attack whom?
Press: ? - help, Dir - move target cursor, f/p - Sigmund
Aim: Sigmund, wielding a scythe and wearing a robe (severely wounded, unusually strong)
You closely miss Sigmund.
Sigmund is severely wounded.
The kobold hits you but does no damage. Sigmund gestures at you while chanting.
The puff of flame hits you! The fire burns you terribly!
You die...
Your body crumbles into a pile of gold.

#....... #### #.######
.... #.# .....
########.# .....
#......#.# ......
#.####.#.# ......####(#
#...# ......K..($# #####
......@@..(#############
...##.##...'............
# ##.(##........... #..#
.......... #..$.
..#######
#........#......
#........#......
#........#.#####
#........#.#....


You could see Sigmund and a kobold.

Vanquished Creatures
  An ogre (D:5)
  An ice beast (D:5)
  A centaur (D:5)
  2 orc wizards
  A giant frog zombie (D:5)
  Ijyb (D:2)
  A hound (D:5)
  3 worker ants (D:5)
  5 adders
  A shadow imp (D:5)
  An adder zombie (D:5)
  2 worms
  9 orcs
  A ball python (D:3)
  8 bats
  6 hobgoblins
  3 kobolds (D:1)
  A giant cockroach (D:2)
  6 giant geckos
  6 giant newts
  14 goblins
  2 jackals (D:2)
  3 quokkas
  6 rats
85 creatures vanquished.

Notes
Turn   | Place    | Note
--------------------------------------------------------------
     0 | D:1      | Alarkh the Mummy Skald began the quest for the Orb.
     0 | D:1      | Reached XP level 1. HP: 16/16 MP: 3/3
   524 | D:1      | Reached XP level 2. HP: 12/22 MP: 0/5
  1126 | D:2      | Reached XP level 3. HP: 13/27 MP: 1/6
  1356 | D:2      | Reached skill level 3 in Polearms
  1364 | D:2      | Noticed Ijyb
  1411 | D:2      | Killed Ijyb
  1411 | D:2      | Reached XP level 4. HP: 15/33 MP: 0/7
  1956 | D:3      | Noticed Alarkh's ghost (weakling DsMo)
  1962 | D:3      | Noticed Sigmund
  2119 | D:3      | Found a radiant altar of Vehumet.
  2216 | D:3      | Reached skill level 4 in Polearms
  2874 | D:5      | Entered Level 5 of the Dungeon
  2894 | D:5      | Noticed an ogre
  2899 | D:5      | Learned a level 2 spell: Song of Slaying
  2902 | D:5      | Learned a level 2 spell: Shroud of Golubria
  2920 | D:5      | Killed an ogre
  2920 | D:5      | Reached XP level 5. HP: 3/38 MP: 0/8
  3226 | D:5      | Found a staircase to the Ecumenical Temple.
  3259 | Temple   | Entered the Ecumenical Temple
  3502 | Temple   | Became a worshipper of Gozag Ym Sagoz the Greedy
  3605 | D:5      | Reached skill level 5 in Polearms
  3617 | D:5      | Found Tyqeusuw's Weapon Shop.
  3630 | D:5      | Noticed a centaur
  4013 | D:5      | Reached XP level 6. HP: 33/44 MP: 2/9
  4232 | D:5      | Killed a centaur
  4232 | D:5      | Reached skill level 6 in Polearms
  4308 | D:5      | Noticed an ice beast
  4339 | D:5      | Killed an ice beast
  4339 | D:5      | Reached XP level 7. HP: 21/50 MP: 0/10
  4624 | D:4      | Learned a level 3 spell: Spectral Weapon
  4670 | D:3      | Found a shadowy altar of Dithmenos.
  5025 | D:3      | Killed from afar by Sigmund

Action                   |  1- 3 |  4- 6 |  7- 9 || total
-------------------------+-------+-------+-------++-------
Melee: Spear             |   138 |   250 |    72 ||   460
 Cast: Infusion          |    17 |    27 |     4 ||    48
       Shroud of Golubri |       |     3 |     1 ||     4
  Use: Scroll            |     3 |     2 |     1 ||     6
 Stab: Sleeping          |     1 |     5 |     1 ||     7
       Distracted        |       |     1 |       ||     1
